 Dungeon Crawl Stone Soup version 0.28.0-43-g3370ac3207 (webtiles) character file.

Game seed: 2162527609590231420

116 Tiocfaidh the Slasher (level 4, -5/37 HPs)
             Began as a Minotaur Gladiator on Mar 12, 2022.
             Slain by a gnoll sergeant
             ... wielding a +0 trident
              (9 damage)
             ... on level 3 of the Dungeon on Mar 13, 2022.
             The game lasted 00:07:30 (1650 turns).

Tiocfaidh the Slasher (Minotaur Gladiator)          Turns: 1650, Time: 00:07:31

Health: -5/37      AC:  4    Str: 18    XL:     4   Next: 70%
Magic:  3/3        EV: 26    Int:  5    God:
Gold:   91         SH:  7    Dex: 14    Spells: 3/3 levels left

rFire   . . .      SeeInvis .   a - +0 long sword
rCold   + . .      Faith    .   o - +0 kite shield
rNeg    + . .      Spirit   .   b - +0 leather armour
rPois   .          Reflect  .   c - +0 hat
rElec   .          Harm     .   e - scarf {repulsion}
rCorr   .          Rampage  .   (no gloves)
Will    .....                   l - +0 pair of boots
Stlth   +.........              n - amulet of the acrobat
HPRegen 0.12/turn               f - ring of positive energy
MPRegen 0.08/turn               q - ring of protection from cold

@: acrobatic, repel missiles
A: horns 2, retaliatory headbutt
a: no special abilities


You were on level 3 of the Dungeon.
You visited 1 branch of the dungeon, and saw 3 of its levels.

You collected 91 gold pieces.

Inventory:

Hand Weapons
 a - a +0 long sword (weapon)
Missiles
 d - 3 throwing nets (quivered)
Armour
 b - a +0 leather armour (worn)
 c - a +0 hat (worn)
 e - a scarf of repulsion (worn)
 l - a +0 pair of boots (worn)
 o - a +0 kite shield (worn)
Jewellery
 f - a ring of positive energy (left hand)
 n - an amulet of the acrobat (around neck)
 q - a ring of protection from cold (right hand)
 u - a +6 ring of intelligence
Scrolls
 g - 2 scrolls of teleportation {unknown}
 i - 2 scrolls of identify {unknown}
 k - a scroll of amnesia {unknown}
 m - 2 scrolls of enchant weapon {unknown}
 s - a scroll of summoning {unknown}
Potions
 h - a potion of heal wounds {unknown}
 j - a potion of might {unknown}
 p - a potion of cancellation {unknown}
 r - a potion of magic {unknown}
 t - a potion of curing {unknown}


   Skills:
 + Level 2.9 Fighting
 + Level 4.9 Long Blades
 + Level 2.1 Throwing
 + Level 1.3 Armour
 + Level 4.4 Dodging
 + Level 0.5 Stealth
 + Level 0.4 Shields


You had 3 spell levels left.
You didn't know any spells.
Your spell library was empty.

Dungeon Overview and Level Annotations

Branches:
Dungeon (3/15)

Altars:


Innate Abilities, Weirdness & Mutations

You have a pair of horns on your head.
You reflexively headbutt those who attack you in melee.


Message History

The gnoll completely misses you. You furiously retaliate!
You headbutt the gnoll!
Things that are here:
a +2 whip of draining; a +0 halberd; a frilled lizard corpse You hit the gnoll.
The gnoll is almost dead.
The gnoll barely misses you. You furiously retaliate!
You headbutt the gnoll!
You kill the gnoll!
The gnoll completely misses you. You furiously retaliate!
You headbutt the gnoll, but do no damage.
You hit the gnoll but do no damage. You headbutt the gnoll!
The gnoll is severely wounded.
The gnoll barely misses you. You furiously retaliate!
You headbutt the gnoll.
You kill the gnoll!
The gnoll sergeant misses you. You furiously retaliate!
You headbutt the gnoll sergeant.
There is an open door here.
Things that are here:
a +0 whip; a +0 halberd; a gnoll corpse You hit the gnoll sergeant.
The gnoll sergeant is moderately wounded.
The gnoll sergeant barely misses you.
You slash the gnoll sergeant!
The gnoll sergeant is heavily wounded.
The gnoll sergeant hits you with a +0 trident.
You hit the gnoll sergeant.
The gnoll sergeant is severely wounded.
The gnoll sergeant hits you with a +0 trident!
* * * LOW HITPOINT WARNING * * *
You block the gnoll sergeant's attack.
You hit the gnoll sergeant but do no damage.
The gnoll sergeant is severely wounded.
The gnoll sergeant hits you with a +0 trident.
* * * LOW HITPOINT WARNING * * *
You barely miss the gnoll sergeant.
Your headbutt misses the gnoll sergeant.
The gnoll sergeant is severely wounded.
You block the gnoll sergeant's attack. The gnoll sergeant closely misses you.
The gnoll sergeant hits you from afar with a +0 trident!
You die...

.[....## #)....#
#####.# #.#.#.# #.#
#.#.#.# ##+# #...#.#
#...# #.###.# .....#
###.###.### ......#
#.........#
.......###.......#.#
......g)@......###.#
.......###....## #
......# #.#.>.#
.....# #.###.# #...#
#.. ... ##+# ###
.### .# .#


You could see a gnoll sergeant.

Vanquished Creatures
  6 gnolls
  2 adders
  An orc (D:3)
  2 endoplasms
  3 giant cockroaches (D:3)
  4 goblins
  A hobgoblin (D:3)
  6 jackals
  4 kobolds (D:1)
  A quokka (D:1)
  2 ball pythons (D:2)
  2 bats
  6 frilled lizards
  3 rats
43 creatures vanquished.

Notes
Turn   | Place    | Note
-------+----------+-------------------------------------------
     0 | D:1      | Tiocfaidh the Minotaur Gladiator began the quest for the
                  | Orb.
     0 | D:1      | Reached XP level 1. HP: 18/18 MP: 0/0
    11 | D:1      | Reached XP level 2. HP: 21/25 MP: 1/1
   448 | D:1      | Reached XP level 3. HP: 27/30 MP: 2/2
   678 | D:2      | Found a faded altar of an unknown god.
  1427 | D:3      | Reached XP level 4. HP: 31/37 MP: 3/3
  1640 | D:3      | Noticed a gnoll sergeant
  1641 | D:3      | Reached skill level 1 in Armour
  1650 | D:3      | Slain by a gnoll sergeant

Illustrated notes

Levels and vault maps discovered:
D:1:      ebering_trefoil_3fold, layout_loops_ring,
          minmay_misc_feat_four_crosses, minivault_24, minmay_parallelograms
D:2:      layout_basic, hellmonk_ecumenical_altar_pennies_from_heaven
D:3:      layout_loops_corners, marbit_many_paths, st_stairs_14

Skill      XL: |  1  2  3  4 |
---------------+-------------+-----
Long Blades    | 4 |  4.9
Dodging        | 4 |  4.4
Armour         | 1 |  1.3
Fighting       | |  2.9
Throwing       | |  2.1
Stealth        | |  0.5
Shields        | |  0.4

Action                   |  1- 3 |  4- 6 || total
-------------------------+-------+-------++-------
Melee: Long sword        |    62 |    20 ||    82
       Headbutt          |     8 |     3 ||    11
 Stab: Sleeping          |     2 |     1 ||     3
Armor: Leather armour    |    15 |     1 ||    16
Dodge: Dodged            |    54 |    14 ||    68
Block: Kite shield       |     6 |     9 ||    15
